AoeStats
← BigBusyB

Arena

508723725Analyzed
4v4 RM · 9d ago on Sep 23, 2026· 51m 40s· 8 players
Game mode
Random Map
Map size
Large (8 player)
Population
200
Speed
Normal
Resources
Standard
Victory
Conquest
Starting age
Dark Age
Ending age
Imperial Age
RankedLock teamsTeams togetherTeam positionsShared explorationLock speedFull tech treeHidden civsTurbo modeCheats
Victory
Defeat
🇩🇪 Danes · Germany
1126
+13
🇬🇧 Persians · United Kingdom
1111
+14
🇬🇧 Varangians · United Kingdom
1093
+15
🇯🇵 Georgians · Japan
1089
+15
🇩🇪 Saxons · Germany
1100
-15
🇩🇪 Turks · Germany
1096
-16
🇩🇪 Persians · Germany
1059
-14
🇩🇪 Teutons · Germany
1018
-12
solmanfu
10:59 Feudal Age
15:05 Castle Age
13:33 Double-Bit Axe
13:32 Horse Collar
14:57 Wheelbarrow
16:02 Bow Saw
16:56 Heavy Plow
17:36 Loom
23:08 Gold Mining
24:31 Bloodlines
25:00 Scale Barding Armor
25:06 Forging
26:35 Chain Barding Armor
27:25 Gold Shaft Mining
26:41 Stone Mining
31:08 Imperial Age
29:51 Hand Cart
29:22 Town Watch
30:17 Iron Casting
31:17 Husbandry
31:10 Fletching
30:54 Cavalier
32:14 Heavy Camel Rider
34:01 Stone Shaft Mining
34:32 Two-Man Saw
35:10 Chemistry
34:50 Plate Barding Armor
35:17 Blast Furnace
35:06 Crop Rotation
36:09 Conscription
35:21 Savar
36:30 Citadels
36:31 Bodkin Arrow
36:31 Pikeman
37:54 Scale Mail Armor
39:16 Chain Mail Armor
39:48 Town Patrol
40:37 Ballistics
40:29 Masonry
40:15 Murder Holes
43:23 Thumb Ring
44:23 Padded Archer Armor
44:59 Architecture
Mooncore
10:32 Feudal Age
14:14 Castle Age
12:03 Double-Bit Axe
32:25 Imperial Age
31:16 Wheelbarrow
32:00 Forging
31:55 Scale Barding Armor
33:51 Iron Casting
35:06 Horse Collar
36:55 Blast Furnace
35:56 Scale Mail Armor
36:18 Chain Barding Armor
36:19 Elite Jarl
36:24 Gothikon
37:25 Conscription
38:24 Hand Cart
37:55 Loom
37:56 Town Watch
39:24 Plate Barding Armor
39:27 Elite Varangian Guard
39:53 Arson
40:08 Squires
41:37 Scale Mail Armor
44:28 Chain Mail Armor
47:19 Plate Mail Armor
46:54 Man-at-Arms
47:23 Gambesons
47:45 Long Swordsman
48:19 Two-Handed Swordsman
[FUCKI] Obi-One Canboneme
11:36 Feudal Age
15:27 Castle Age
13:23 Gold Mining
13:22 Double-Bit Axe
14:11 Horse Collar
15:04 Man-at-Arms
16:47 Forging
20:00 Scale Mail Armor
21:34 Chain Mail Armor
23:39 Squires
29:19 Wheelbarrow
29:06 Arson
30:04 Gold Shaft Mining
29:18 Loom
29:43 Gambesons
31:18 Hand Cart
31:58 Bow Saw
36:58 Imperial Age
33:55 Hamask
34:23 Pikeman
37:48 Fletching
37:43 Halberdier
38:27 Bodkin Arrow
38:45 Siege Engineers
39:02 Ballistics
39:08 Conscription
38:48 Stone Mining
41:11 Elite Jomsviking
41:29 Capped Ram
43:53 Iron Casting
43:49 Plate Mail Armor
kagemusha
11:32 Feudal Age
14:21 Gold Mining
16:42 Castle Age
16:04 Horse Collar
17:05 Double-Bit Axe
18:05 Wheelbarrow
18:02 Loom
22:07 Fletching
24:42 Svan Towers
27:15 Town Watch
28:24 Bow Saw
28:57 Stone Mining
33:20 Scale Barding Armor
35:56 Imperial Age
37:00 Conscription
38:23 Heavy Plow
41:59 Hand Cart
41:39 Onager
44:51 Elite Monaspa
49:56 Light Cavalry
51:04 Bloodlines
50:56 Husbandry
BigBusyB
7:18 Loom
10:57 Feudal Age
15:20 Castle Age
13:13 Horse Collar
13:21 Double-Bit Axe
15:20 Gold Mining
17:03 Bow Saw
18:05 Gold Shaft Mining
18:51 Heavy Plow
21:58 Wheelbarrow
23:26 Husbandry
23:37 Bloodlines
26:10 Hand Cart
28:04 Forging
27:59 Scale Barding Armor
33:14 Imperial Age
30:47 Stone Mining
31:48 Iron Casting
31:45 Chain Barding Armor
35:13 Blast Furnace
34:49 Plate Barding Armor
35:30 Cavalier
36:26 Squires
35:46 Pikeman
36:29 Scale Mail Armor
37:40 Stone Shaft Mining
38:25 Chain Mail Armor
39:43 Two-Man Saw
39:21 Crop Rotation
38:35 Savar
42:03 Conscription
44:14 Halberdier
48:59 Plate Mail Armor
Lutzi
8:34 Loom
10:22 Feudal Age
8:37 Loom
14:13 Castle Age
12:37 Double-Bit Axe
12:36 Horse Collar
15:28 Bow Saw
20:45 Heavy Plow
27:31 Imperial Age
26:11 Gold Mining
28:10 Scale Barding Armor
27:57 Cavalier
29:22 Chain Barding Armor
29:27 Bloodlines
31:30 Forging
32:21 Wheelbarrow
32:39 Plate Barding Armor
32:18 Paladin
35:11 Chemistry
34:34 Hand Cart
35:20 Iron Casting
38:04 Pikeman
38:45 Squires
38:31 Arson
38:50 Scale Mail Armor
40:21 Chain Mail Armor
41:02 Halberdier
42:56 Plate Mail Armor
44:23 Blast Furnace
45:04 Fortified Wall
Pendragon
11:52 Feudal Age
15:55 Castle Age
13:58 Double-Bit Axe
13:56 Horse Collar
17:05 Bow Saw
16:59 Heavy Plow
26:00 Fortified Wall
29:30 Imperial Age
31:03 Padded Archer Armor
31:52 Man-at-Arms
35:15 Gold Mining
35:55 Husbandry
36:05 Bloodlines
36:16 Scale Barding Armor
36:01 Loom
36:20 Heavy Camel Rider
39:02 Forging
40:13 Chain Barding Armor
43:03 Plate Barding Armor
49:16 Iron Casting
Meck
11:16 Feudal Age
14:59 Castle Age
12:53 Double-Bit Axe
12:51 Horse Collar
16:33 Bow Saw
16:25 Heavy Plow
17:47 Loom
19:42 Forging
20:45 Fletching
22:07 Scale Mail Armor
23:48 Wheelbarrow
26:40 Iron Casting
27:22 Crossbowman
28:08 Thumb Ring
34:39 Bodkin Arrow
40:33 Imperial Age
38:48 Hand Cart
38:47 Padded Archer Armor
39:45 Leather Archer Armor
39:46 Town Watch
41:50 Fortified Wall
41:55 Arbalester
44:04 Bracer
44:18 Gold Mining
45:38 Ring Archer Armor
48:46 Ring Archer Armor
Connection lost

Rejoining the realm…

Still unreachable

The connection could not be restored.

Session expired

The server has moved on; the page needs a fresh start.